 Dungeon Crawl Stone Soup version 0.20-a0-540-ge6d1839 (webtiles) character file.

177 Rhoefr the Ducker (level 5, -5/32 HPs)
             Began as a Kobold Berserker on Jan 29, 2017.
             Was a Believer of Trog.
             Slain by a gnoll
             ... wielding a +0 halberd
              (11 damage)
             ... on level 3 of the Dungeon.
             The game lasted 00:05:21 (2277 turns).

Rhoefr the Ducker (Kobold Berserker)                Turns: 2277, Time: 00:05:22

Health: -5/32      AC:  5    Str: 14    XL:     5   Next: 88%
Magic:  0/5        EV: 17    Int:  9    God:    Trog [**....]
Gold:   82         SH:  0    Dex: 15    Spells: 4/4 levels left

rFire    . . .     SeeInvis .   a - +0 short sword
rCold    . . .     Gourm    .   b - +0 animal skin
rNeg     . . .     Faith    .   (shield restricted)
rPois    .         Spirit   +   f - +0 helmet
rElec    .         Reflect  .   k - +0 cloak
rCorr    +         Harm     .   (no gloves)
MR       .....                  x - +0 pair of boots
Stlth    +++.......             y - amulet of guardian spirit
Regen    0.1/turn               (no ring)
                                s - ring of resist corrosion

@: exhausted, slowed, very slow
A: carnivore 3
a: Berserk, Trog's Hand, Burn Spellbooks, Renounce Religion


You were on level 3 of the Dungeon.
You worshipped Trog.
Trog was pleased with you.
You were very full.

You visited 1 branch of the dungeon, and saw 3 of its levels.

You collected 82 gold pieces.

Inventory:

Hand Weapons
 a - a +0 short sword (weapon)
Missiles
 r - 62 bolts
Armour
 b - a +0 animal skin (worn)
 f - a +0 helmet (worn)
 k - a +0 cloak (worn)
 x - a +0 pair of boots (worn)
Jewellery
 s - a ring of resist corrosion (left hand)
 y - an amulet of guardian spirit (around neck)
Wands
 t - a wand of acid (9/15)
Scrolls
 d - 3 scrolls of enchant armour {unknown}
 g - a scroll of amnesia {unknown}
 h - 8 scrolls of identify {unknown}
 i - 3 scrolls of teleportation {unknown}
 m - a scroll of immolation {unknown}
 p - a scroll of remove curse {unknown}
 v - a scroll of magic mapping {unknown}
Potions
 e - a potion of degeneration {unknown}
 j - 2 potions of mutation {unknown}
 l - a potion of curing {unknown}
 n - a potion of haste {unknown}
 o - a potion of lignification {unknown}
 q - 2 potions of cure mutation {unknown}
Comestibles
 c - 2 meat rations
 u - a royal jelly
 w - a chunk of flesh


   Skills:
 - Level 3.2 Fighting
 + Level 4.8 Short Blades
 - Level 1.5 Armour
 + Level 4.8 Dodging
 + Level 4.4 Stealth


You had 4 spell levels left.
You didn't know any spells.

Dungeon Overview and Level Annotations

Branches:
Dungeon (3/15)

Altars:


Innate Abilities, Weirdness & Mutations

You are small and have problems with some larger weapons.
You are carnivorous and can eat meat at any time.


Message History

You hit the gnoll but do no damage.
The gnoll is moderately wounded.
The gnoll completely misses you.
You barely miss the gnoll.
The gnoll is moderately wounded.
The gnoll misses you.
You closely miss the gnoll.
The gnoll is moderately wounded.
The gnoll closely misses you.
You hit the gnoll but do no damage.
The gnoll is moderately wounded.
The gnoll closely misses you. The gnoll hits you with a halberd.
You barely miss the gnoll.
The gnoll is moderately wounded.
The gnoll hits you with a halberd!
* * * LOW HITPOINT WARNING * * *
You barely miss the gnoll.
The gnoll is moderately wounded.
The gnoll hits you with a halberd!
You die...

##....# ..
#.....## .#
#..#...# ##.#
...##..## #..
##.##...## #..
##.##.#..# #.#
......##.# #.#
.........### #!#
.(...##....#####@#
%....###....†[.g.#
.....#
###.<##...#.
.....# ##...<....#
######
##....#.#..#
###..###..##.# #
#....# #.## ...
#######....# #.#
#...
...........###.
#..


You could see a gnoll.

Vanquished Creatures
  Natasha (thrice) (D:3)
  An adder (D:3)
  3 gnolls (D:3)
  3 oozes (D:2)
  A worm (D:2)
  2 dart slugs
  A leopard gecko (D:3)
  6 bats
  4 giant cockroaches
  2 goblins
  4 hobgoblins
  6 jackals
  A kobold (D:2)
  A quokka (D:2)
  3 frilled lizards
  9 rats
50 creatures vanquished.

Notes
Turn   | Place    | Note
-------+----------+-------------------------------------------
     0 | D:1      | Rhoefr the Kobold Berserker began the quest for the Orb.
     0 | D:1      | Reached XP level 1. HP: 14/14 MP: 1/1
   208 | D:1      | Reached skill level 1 in Stealth
   210 | D:1      | Reached XP level 2. HP: 19/19 MP: 2/2
   787 | D:2      | Reached XP level 3. HP: 20/23 MP: 3/3
  1273 | D:2      | Reached ** piety under Trog
  1713 | D:2      | Reached XP level 4. HP: 28/28 MP: 4/4
  2005 | D:3      | Noticed Natasha
  2006 | D:3      | Killed Natasha
  2025 | D:3      | Noticed Natasha
  2044 | D:3      | Killed Natasha
  2044 | D:3      | Reached XP level 5. HP: 17/32 MP: 5/5
  2260 | D:3      | Noticed Natasha
  2266 | D:3      | Killed Natasha
  2277 | D:3      | Slain by a gnoll

Vault maps used:
D:1:      minmay_arrival_checkered_box
D:2:      feat_on_display
D:3:      overflow_temple_1_default, uniq_natasha

Skill      XL: |  1  2  3  4 |
---------------+-------------+-----
Stealth        | 1 2 3 4 |  4.4
Dodging        | 3 4 |  4.8
Fighting       | |  3.2
Short Blades   | |  4.8
Armour         | |  1.5

Action                   |  1- 3 |  4- 6 || total
-------------------------+-------+-------++-------
Melee: Short sword       |   123 |    71 ||   194
Invok: Berserk           |       |     1 ||     1
 Stab: Sleeping          |     4 |     1 ||     5
       Distracted        |     1 |       ||     1
  Eat: Chunk             |    11 |     2 ||    13
Armor: Animal skin       |    22 |     7 ||    29
Dodge: Dodged            |    78 |    77 ||   155
